 Dungeon Crawl Stone Soup version 0.28.0-45-g0d030f2227 (webtiles) character file.

Game seed: 232519059706273108

303 issech the Cudgeller (level 6, -4/61 HPs)
             Began as a Troll Monk on Apr 7, 2022.
             Slain by a gnoll
             ... wielding a +0 spear
              (6 damage)
             ... on level 4 of the Dungeon.
             The game lasted 00:10:03 (2854 turns).

issech the Cudgeller (Troll Monk)                   Turns: 2854, Time: 00:10:04

Health: -4/61      AC:  4    Str: 20    XL:     6   Next: 15%
Magic:  5/5        EV: 11    Int:  6    God:
Gold:   116        SH:  0    Dex: 14    Spells: 5/5 levels left

rFire   . . .      SeeInvis .   o - +0 flail
rCold   . . .      Faith    .   (no shield)
rNeg    . . .      Spirit   .   b - +0 robe
rPois   .          Reflect  .   (helmet restricted)
rElec   .          Harm     .   (no cloak)
rCorr   .          Rampage  .   (gloves unavailable)
Will    .....                   (boots unavailable)
Stlth   +.........              (no amulet)
HPRegen 1.00/turn               (no ring)
MPRegen 0.09/turn               (no ring)

@: lit by a corona, glowing
A: large, unfitting armour, claws 3, regeneration 1, shaggy fur 1, tough skin 1
a: no special abilities


You were on level 4 of the Dungeon.
You visited 1 branch of the dungeon, and saw 4 of its levels.

You collected 116 gold pieces.

Inventory:

Hand Weapons
 a - a +0 mace
 j - a +0 hunting sling
 o - a +0 flail (weapon)
 p - a +0 halberd
 t - a +3 hand axe
Missiles
 c - 79 stones
 e - 66 bolts
 l - 45 arrows
 s - 2 boomerangs (quivered)
 u - 18 sling bullets
Armour
 b - a +0 robe (worn)
Wands
 g - a wand of mindburst (7)
Scrolls
 d - 3 scrolls of teleportation
 h - a scroll of fog
 q - a scroll of blinking
 r - a scroll of holy word {unknown}
Potions
 f - a potion of cancellation {unknown}
 i - a potion of curing {unknown}
 k - a potion of mutation {unknown}
 m - 2 potions of might {unknown}
 n - a potion of invisibility {unknown}


   Skills:
 + Level 3.2 Fighting
 + Level 4.3 Maces & Flails
 + Level 1.7 Throwing
 + Level 3.6 Dodging
 + Level 1.3 Stealth


You had 5 spell levels left.
You didn't know any spells.
Your spell library contained the following spells:

 Spells                   Type           Power      Damage    Failure   Level
 Animate Skeleton         Necr           0%         N/A       45%         1
 Freeze                   Ice            0%         1d3       45%         1
 Pain                     Necr           0%         1d4       45%         1
 Frozen Ramparts          Ice            0%         1d2       83%         3
 Vampiric Draining        Necr           0%         2d6       83%         3
 Hailstorm                Conj/Ice       0%         3d3       99%         4


Dungeon Overview and Level Annotations

Branches:
Dungeon (4/15)
 Temple: D:4-7

Altars:
Dithmenos


Innate Abilities, Weirdness & Mutations

You are too large for most types of armour.
You have claws for hands.
Your natural rate of healing is unusually fast.
You are covered in fur. (AC +1)
You have tough skin. (AC +1)


Message History

You hit the gnoll shaman.
The gnoll shaman is moderately wounded.
The gnoll hits you from afar with a +0 spear.
The gnoll shaman hits you with a +0 club.
You barely miss the gnoll shaman.
The gnoll shaman is moderately wounded.
The gnoll hits you from afar with a +0 spear.
The gnoll shaman hits you with a +0 club.
* * * LOW HITPOINT WARNING * * *
You barely miss the gnoll shaman.
You claw the gnoll shaman, but do no damage.
The gnoll shaman is moderately wounded.
The gnoll hits you from afar with a +0 spear.
* * * LOW HITPOINT WARNING * * *
The gnoll shaman hits you but does no damage.
You hit the gnoll shaman.
The gnoll shaman is heavily wounded.
The gnoll hits you from afar with a +0 spear.
* * * LOW HITPOINT WARNING * * *
The gnoll shaman hits you with a +0 club.
* * * LOW HITPOINT WARNING * * *
You hit the gnoll shaman.
The gnoll shaman is heavily wounded.
The gnoll hits you but does no damage.
The gnoll shaman invokes the aid of its god against you.
You are outlined in light.
The gnoll shaman hits you with a +0 club.
* * * LOW HITPOINT WARNING * * *
The gnoll hits you from afar with a +0 spear!
* * * LOW HITPOINT WARNING * * *
Unknown command.
You closely miss the gnoll shaman. You claw the gnoll shaman.
The gnoll shaman is severely wounded.
The gnoll hits you from afar with a +0 spear.
* * * LOW HITPOINT WARNING * * *
The gnoll shaman barely misses you.
You closely miss the gnoll shaman.
The gnoll shaman is severely wounded.
The gnoll hits you from afar with a +0 spear.
You die...

#### ..# #.#
#########
#.####.###.....g@#
...........#####.#
#.####.##### #g#
#.####.# #B#
#<.....# #g#
##..#### #g#
###'#### #.#
.......#### #.#
.⌠...⌠.#..#


You could see a gnoll shaman, 3 gnolls and a giant cockroach.

Vanquished Creatures
  A jelly (D:4)
  A hound (D:4)
  Terence (D:2)
  2 orc wizards (D:2)
  4 gnolls
  5 adders
  2 dart slugs
  11 orcs
  2 ball pythons
  2 endoplasms
  A giant cockroach (D:2)
  2 goblins (D:1)
  5 hobgoblins
  9 jackals (D:1)
  3 quokkas
  10 bats
  2 frilled lizards (D:2)
  3 kobolds (D:1)
  7 rats
73 creatures vanquished.

Notes
Turn   | Place    | Note
-------+----------+-------------------------------------------
     0 | D:1      | issech the Troll Monk began the quest for the Orb.
     0 | D:1      | Reached XP level 1. HP: 22/22 MP: 0/0
     8 | D:1      | You fall into a shaft and drop 1 floor!
   216 | D:1      | Reached XP level 2. HP: 29/29 MP: 1/1
   391 | D:1      | Reached skill level 3 in Maces & Flails
   566 | D:1      | Reached XP level 3. HP: 35/36 MP: 2/2
   856 | D:2      | Noticed Terence
   868 | D:2      | Killed Terence
   965 | D:2      | Found a faded altar of an unknown god.
  1007 | D:2      | Reached XP level 4. HP: 41/44 MP: 3/3
  1338 | D:2      | Reached skill level 1 in Throwing
  1723 | D:3      | Reached XP level 5. HP: 48/52 MP: 4/4
  2347 | D:3      | Reached skill level 4 in Maces & Flails
  2720 | D:4      | Found a shadowy altar of Dithmenos.
  2823 | D:4      | Reached XP level 6. HP: 50/61 MP: 5/5
  2852 | D:4      | HP: 1/61 [gnoll/+0 spear (7)]
  2854 | D:4      | Slain by a gnoll

Illustrated notes

Levels and vault maps discovered:
D:1:      scummos_arrival_forest, layout_rooms, minivault_4
D:2:      layout_rooms, hellmonk_ecumenical_altar_run_dry, uniq_terence
D:3:      layout_basic
D:4:      layout_loops_cross, mainiacjoe_overflow_cross_hatched,
          minmay_fountain_box

Skill      XL: |  1  2  3  4  5 |
---------------+----------------+-----
Maces & Flails | 3 4 |  4.3
Dodging        | 3 |  3.6
Throwing       | 1 |  1.7
Fighting       | 3 |  3.2
Stealth        | |  1.3

Action                   |  1- 3 |  4- 6 || total
-------------------------+-------+-------++-------
Melee: Mace              |   122 |    10 ||   132
       Punch             |     1 |     2 ||     3
       Flail             |       |   160 ||   160
Throw: Stone             |    59 |    57 ||   116
       Boomerang         |       |     9 ||     9
  Use: Scroll            |       |     3 ||     3
 Stab: Sleeping          |     1 |       ||     1
Armor: Robe              |    89 |    73 ||   162
Dodge: Dodged            |   135 |   109 ||   244
